 Dungeon Crawl Stone Soup version 0.28.0-47-ge53b351184 (webtiles) character file.

Game seed: 1900519275450906455

78687 nickcage the Sorcerer (level 15, -3/80 HPs)
             Began as a Deep Elf Ice Elementalist on Apr 28, 2022.
             Was a High Priest of Vehumet.
             Shot with an arrow by a centaur warrior (14 damage)
             ... on level 13 of the Dungeon.
             The game lasted 02:14:55 (25623 turns).

nickcage the Sorcerer (Deep Elf Ice Elementalist)  Turns: 25623, Time: 02:14:56

Health: -3/80      AC: 13    Str: 10    XL:     15   Next: 18%
Magic:  7/42       EV: 14    Int: 34    God:    Vehumet [*****.]
Gold:   1200       SH:  0    Dex: 15    Spells: 7/56 levels left

rFire   + + +      SeeInvis .   U - +1 long sword of the Hall of Blades {vorpal, rF+++ rN+ Will+ Str+2}
rCold   + + .      Faith    .   (no shield)
rNeg    + . .      Spirit   .   M - +2 robe of the Ditch-Digger {rC++ Str+3}
rPois   .          Reflect  .   (no helmet)
rElec   .          Harm     .   y - +2 cloak
rCorr   +          Rampage  .   B - +2 pair of gloves
Will    ++...                   n - +2 pair of boots
Stlth   ++........              L - amulet of regeneration
HPRegen 1.03/turn               J - +6 ring of intelligence
MPRegen 0.28/turn               d - ring of resist corrosion

@: no status effects
A: hooves 1, subdued magic 1
a: Renounce Religion


You were on level 13 of the Dungeon.
You worshipped Vehumet.
Vehumet was extremely pleased with you.
You visited 3 branches of the dungeon, and saw 21 of its levels.
You visited the Abyss 1 time.
You also visited: Ossuary and Gauntlet.

You collected 3181 gold pieces.
You spent 1981 gold pieces at shops.

Inventory:

Hand Weapons
 u - a +5 short sword of flaming
 U - the +1 long sword of the Hall of Blades (weapon) {vorpal, rF+++ rN+ Will+ Str+2}
   (You bought it in a shop on level 2 of the Orcish Mines)

   It inflicts extra damage upon your enemies.
   Str:       It affects your strength (+2).
   rF:        It renders you almost immune to fire.
   rN:        It protects you from negative energy.
   Will:      It increases your willpower.
 V - the +6 arbalest "Damnation" {damnation}
   (You found it on level 2 of the Lair of Beasts)

   Any ammunition fired from it explodes in a burst of damnation on striking a
   foe, dealing damage which bypasses armour.
Armour
 a - a +0 robe
 b - +0 acid dragon scales
 n - a +2 pair of boots (worn)
 y - a +2 cloak (worn)
 B - a +2 pair of gloves (worn)
 F - the +2 helmet "Xoab" {Dex+4}
   (You found it on level 6 of the Lair of Beasts)

   Dex:       It affects your dexterity (+4).
 M - the +2 robe of the Ditch-Digger (worn) {rC++ Str+3}
   (You found it on level 9 of the Dungeon)

   Str:       It affects your strength (+3).
   rC:        It greatly protects you from cold.
Jewellery
 d - a ring of resist corrosion (right hand)
 h - a +4 ring of evasion
 J - a +6 ring of intelligence (left hand)
 K - a ring of see invisible
 L - an amulet of regeneration (around neck)
 T - a ring of protection from fire
Wands
 o - a wand of mindburst (9)
 v - a wand of flame (18)
 H - a wand of iceblast (12)
 N - a wand of polymorph (6)
 P - a wand of acid (1)
 S - a wand of digging (17)
Scrolls
 e - a scroll of silence
 g - 2 scrolls of brand weapon
 l - 4 scrolls of vulnerability
 p - a scroll of identify
 q - 11 scrolls of teleportation
 t - 2 scrolls of amnesia
 z - 2 scrolls of magic mapping
 D - 9 scrolls of fog
 G - 4 scrolls of fear
 I - 2 scrolls of torment
Potions
 c - 4 potions of brilliance
 f - 5 potions of attraction
 i - 2 potions of flight
 k - 2 potions of resistance
 m - 5 potions of might
 r - 2 potions of lignification
 s - 2 potions of haste
 w - a potion of heal wounds
 x - 2 potions of ambrosia
 C - 2 potions of curing
 E - 4 potions of degeneration
 R - a potion of berserk rage
Miscellaneous
 j - a phantom mirror
 A - a piece from Xom's chessboard (15/15)
 O - a phantom mirror


   Skills:
 - Level 4.0 Fighting
 - Level 2.0(2.2) Short Blades
 - Level 1.0(1.5) Long Blades
 - Level 5.0 Dodging
 - Level 2.4 Stealth
 - Level 21.0 Spellcasting
 * Level 9.5 Conjurations
 * Level 11.8 Fire Magic
 - Level 15.5 Ice Magic
 - Level 8.0 Earth Magic
 - Level 3.2 Poison Magic


You had 7 spell levels left.
You knew the following spells:

 Your Spells              Type           Power      Damage    Failure   Level
a - Freeze                Ice            100%       1d11      0%          1
b - Frozen Ramparts       Ice            100%       1d12      0%          3
c - Ozocubu's Armour      Ice            83%        N/A       0%          3
d - Hailstorm             Conj/Ice       75%        3d15      0%          4
e - Mephitic Cloud        Conj/Pois/Air  49%        N/A       1%          3
f - Fireball              Conj/Fire      35%        3d15      1%          5
g - Sticky Flame          Conj/Fire      70%        2d8       1%          4
h - Flame Wave            Conj/Fire      70%        2d13      1%          4
i - Fire Storm            Conj/Fire      35%        8d9       91%         9
j - Iron Shot             Conj/Erth      32%        9d7       1%          6
k - Ozocubu's Refrigerat  Ice            41%        4d13      1%          7

Your spell library contained the following spells:

 Spells                   Type           Power      Damage    Failure   Level
 Lightning Bolt           Conj/Air       25%        1d41      1%          5
 Foxfire                  Conj/Fire      100%       2x1d9     0%          1
 Sandblast                Erth           100%       2d20      0%          1
 Conjure Flame            Conj/Fire      70%        6-21      0%          3
 Animate Skeleton         Necr           54%        N/A       1%          1
 Apportation              Tloc           54%        N/A       1%          1
 Pain                     Necr           100%       1d9       1%          1
 Summon Small Mammal      Summ           100%       N/A       1%          1
 Ignite Poison            Fire/Tmut/Pois 52%        N/A       1%          3
 Stone Arrow              Conj/Erth      100%       3d13      1%          3
 Vampiric Draining        Necr           27%        2d7       1%          3
 Animate Armour           Summ/Erth      96%        N/A       1%          4
 Ice Form                 Ice/Tmut       61%        N/A       1%          4
 Leda's Liquefaction      Hex/Erth       24%        N/A       1%          4
 Summon Ice Beast         Ice/Summ       61%        N/A       1%          4
 Freezing Cloud           Conj/Ice/Air   31%        6-21      1%          5
 Irradiate                Conj/Tmut      25%        3d21      1%          5
 Iskenderun's Battlesphe  Conj           67%        2d12      1%          5
 Lee's Rapid Deconstruct  Erth           31%        3d17*     1%          5
 Orb of Destruction       Conj           33%        9d10      3%          7
 Animate Dead             Necr           13%        N/A       7%          4
 Alistair's Intoxication  Tmut/Pois      24%        N/A       10%         5
 Blade Hands              Tmut           13%        N/A       21%         5
 Statue Form              Tmut/Erth      32%        N/A       22%         6
 Dragon Form              Tmut           13%        N/A       100%        7
 Haunt                    Necr/Summ      13%        N/A       100%        7
 Lehudib's Crystal Spear  Conj/Erth      32%        10d8      32%         8
 Discord                  Hex            13%        N/A       100%        8
 Infestation              Necr           13%        N/A       100%        8


Dungeon Overview and Level Annotations

Branches:
Dungeon (13/15)            Temple (0/1) D:5            Lair (6/6) D:11
 Shoals (0/4) Lair:4        Snake (0/4) Lair:4        Slime (0/5) Lair:5
    Orc (2/2) D:9             Elf (0/3) Orc:2       Ossuary (visited)
Gauntlet (visited)
 Vaults: D:13-14

Altars:
Elyvilon
Fedhas
Kikubaaqudgha
Okawaru
Qazlal
Sif Muna
Trog
Uskayaw
Vehumet
Wu Jian
Xom
Beogh

Shops:
D:6 !   D:9 :   D:10 [!**   Orc:1 (   Orc:2 ?:(!:

Annotations:
Lair:1 1 runed translucent door, attentat's ghost, journeyman HOFi
Lair:5 1 runed translucent door, Kazon's ghost, journeyman GrFi


Innate Abilities, Weirdness & Mutations

You have large cloven feet.
Your spells are a little easier to cast, but a little less powerful.


Message History

The boulder beetle bites you but does no damage.
You miss the human.
The human is severely wounded.
The human hits you. The boulder beetle closely misses you.
The human zaps a wand.
You resist with almost no effort.
The now-empty wand crumbles to dust.
You hit the human.
The human is almost dead.
The boulder beetle bites you!!
* * * LOW HITPOINT WARNING * * *
The human closely misses you.
You slash the human!
You kill the human!
Vehumet accepts your kill.
You feel your power returning.
Your surroundings suddenly seem different.
Your icy armour cracks and falls away as you move.
A centaur warrior and 3 centaurs come into view.
The centaur wields a +0 shortbow.
The centaur shoots an arrow.
The arrow barely misses you.
A human comes into view. It is quivering poisoned darts.
The centaur shoots an arrow.
The arrow barely misses you.
The centaur warrior wields a +0 longbow.
The centaur warrior shoots an arrow.
The arrow hits you!
* * * LOW HITPOINT WARNING * * *
The centaur wields a +0 shortbow.
The centaur shoots an arrow.
The arrow closely misses you.
The human throws a poisoned dart.
The poisoned dart closely misses you.
The centaur shoots an arrow.
The arrow misses you.
The centaur shoots an arrow.
The arrow misses you.
You feel much better.
The centaur wields a +0 shortbow.
The centaur shoots an arrow.
The arrow hits you.
The centaur warrior shoots an arrow.
The arrow hits you!
* * * LOW HITPOINT WARNING * * *
The centaur shoots an arrow.
The arrow closely misses you.
You hear a shout!
The centaur shoots an arrow.
The arrow closely misses you.
The centaur shoots an arrow.
The arrow hits you!
* * * LOW HITPOINT WARNING * * *
The centaur warrior shoots an arrow.
The arrow hits you!
You die...

###..#.♣♣♣.#.##)##
....#.... .##..#♣.
.♣#.....#.....#.....
..#..# . .
#.♣♣♣.#♣...♣#...... ..#..#
♣.♣ #.....#♣♣. #.......
..#..###################
..#.......... ......
.............. ....
...............###.#####.#
..#.#.....##....@....c....
..#.......##....##.##c...
#.#.............#.........
#.#.............#..#.c....
#.#.............#..#......
..#.............#..# .c...
##..#..#.p. .....
...#...#.. #### ....


You could see a centaur warrior and 3 centaurs.

Vanquished Creatures
  An Executioner (Abyss:1)
  An orc warlord (Orc:2)
  A very ugly thing (Abyss:1)
  Snorg (Orc:2)
  Josephine (Orc:2)
  2 vault guards (D:13)
  Erolcha (Orc:2)
  4 boulder beetles
  An ogre mage (Orc:2)
  11 hydras
  3 catoblepae (Lair:6)
  7 two-headed ogres
  9 death yaks
  An orc high priest (Orc:2)
  Sonja (Orc:2)
  Nergalle (Orc:2)
  A sixfirhy (Abyss:1)
  A wizard (D:13)
  A lindwurm (Lair:4)
  An orc knight (D:13)
  A deep elf pyromancer (D:13)
  3 necromancers (D:13)
  9 orc sorcerers (Orc:2)
  A cyclops (D:12)
  4 manticores
  6 black mambas
  Maurice (D:10)
  A cane toad (shapeshifter) (D:11)
  12 cane toads
  A demonic crawler (Abyss:1)
  Psyche (D:10)
  6 komodo dragons
  2 efreet (D:13)
  6 rime drakes
  5 trolls
  An ancient zyme (Abyss:1)
  A polar bear (Lair:6)
  7 dream sheep (Lair:6)
  13 blink frogs
  A small abomination (Abyss:1)
  A slime creature (Lair:5)
  6 wraiths
  4 wyverns
  2 vampires (D:13)
  73 yaks
  4 basilisks
  13 humans (D:13)
  A shadow (D:12)
  A neqoxec (Abyss:1)
  A golden eye (shapeshifter) (D:13)
  2 vampire mosquitoes (D:11)
  Menkaure (D:6)
  Edmund (D:6)
  5 wargs
  2 nagas (Lair:4)
  21 water moccasins
  2 acid dragons
  A sky beast (D:6)
  3 black bears
  20 orc warriors
  2 necrophages
  14 ogres
  3 boggarts (D:12)
  9 wolves (Lair:3)
  8 centaurs
  A kobold brigand (D:8)
  16 bullfrogs
  7 scorpions (Ossuary)
  A water moccasin skeleton (D:6)
  16 killer bees
  3 wights (D:9)
  An electric eel (Lair:5)
  7 howler monkeys
  A bullfrog zombie (D:5)
  9 centaur zombies
  7 jellies
  A centaur skeleton (D:4)
  4 hounds
  A human zombie (Ossuary)
  9 orc priests
  5 hell rats (Lair:4)
  An iguana (D:4)
  44 orc wizards
  3 scorpion zombies
  A hound skeleton (D:4)
  3 mummies (Ossuary)
  Robin (D:3)
  3 gnolls (D:5)
  2 adders
  A white imp (Orc:2)
  An ufetubus (D:5)
  An adder skeleton (D:4)
  A worm (D:5)
  3 dart slugs
  89 orcs
  9 ball pythons
  2 endoplasms
  A giant cockroach (D:3)
  8 goblins
  7 hobgoblins
  8 jackals
  10 kobolds
  2 quokkas (D:1)
  3 bats
  3 frilled lizards
  A gnoll zombie (Ossuary)
  2 goblin zombies (Ossuary)
  3 hobgoblin zombies (Ossuary)
  2 kobold zombies (Ossuary)
  An orc zombie (Ossuary)
  5 rats
642 creatures vanquished.

Vanquished Creatures (collateral kills)
  An iguana (D:7)
1 creature vanquished.

Vanquished Creatures (others)
  26 fungi
  45 plants
  6 starspawn tentacles (Abyss:1)
  15 withered plants
92 creatures vanquished.

Grand Total: 735 creatures vanquished

Notes
Turn   | Place    | Note
-------+----------+-------------------------------------------
     0 | D:1      | nickcage the Deep Elf Ice Elementalist began the quest for
                  | the Orb.
     0 | D:1      | Reached XP level 1. HP: 10/10 MP: 6/6
   158 | D:1      | Reached XP level 2. HP: 13/15 MP: 4/8
   458 | D:1      | Reached skill level 5 in Ice Magic
  1323 | D:2      | Reached XP level 3. HP: 19/19 MP: 7/9
  1469 | D:2      | Learned a level 3 spell: Frozen Ramparts
  1473 | D:2      | Learned a level 3 spell: Ozocubu's Armour
  1488 | D:2      | Found a faded altar of an unknown god.
  1751 | D:3      | Found a faded altar of an unknown god.
  2065 | D:3      | You fall into a shaft and drop 2 floors!
  2065 | D:5      | Entered Level 5 of the Dungeon
  2070 | D:5      | Reached skill level 4 in Spellcasting
  2070 | D:5      | Reached XP level 4. HP: 24/24 MP: 9/12
  2255 | D:3      | Noticed Robin
  2261 | D:3      | Killed Robin
  2262 | D:3      | Reached XP level 5. HP: 28/28 MP: 6/13
  2428 | D:3      | Found an ancient bone altar of Kikubaaqudgha.
  2428 | D:3      | Found a blossoming altar of Fedhas.
  2825 | D:3      | Found a radiant altar of Vehumet.
  2825 | D:3      | Found a bloodstained altar of Trog.
  2831 | D:3      | Found a stormy altar of Qazlal.
  2833 | D:3      | Became a worshipper of Vehumet
  2837 | D:3      | Found a white marble altar of Elyvilon.
  2839 | D:3      | Found an iron altar of Okawaru.
  2896 | D:3      | Found a shimmering blue altar of Sif Muna.
  3137 | D:4      | Reached skill level 5 in Spellcasting
  3567 | D:4      | Noticed an ogre
  3576 | D:4      | Killed an ogre
  3577 | D:4      | Reached XP level 6. HP: 32/32 MP: 5/16
  4026 | D:5      | Found a staircase to the Ecumenical Temple.
  4495 | D:5      | Reached skill level 6 in Spellcasting
  4500 | D:5      | Learned a level 4 spell: Hailstorm
  4547 | D:5      | Found a shimmering altar of Xom.
  4881 | D:5      | Learned a level 3 spell: Mephitic Cloud
  4928 | D:6      | Found an ornate altar of the Wu Jian Council.
  4961 | D:6      | Reached XP level 7. HP: 28/36 MP: 11/18
  4963 | D:6      | Reached skill level 1 in Conjurations
  4964 | D:6      | Reached skill level 1 in Poison Magic
  5183 | D:6      | Noticed a troll
  5192 | D:6      | Killed a troll
  5341 | D:6      | Reached XP level 8. HP: 41/41 MP: 13/19
  5397 | D:6      | Reached skill level 10 in Ice Magic
  5694 | D:6      | Found Allaobby's Distillery.
  5696 | D:6      | Noticed Edmund
  5715 | D:6      | Killed Edmund
  5826 | D:6      | Noticed Menkaure
  5830 | D:6      | Killed Menkaure
  6383 | D:7      | Found a sand-covered staircase.
  6390 | Ossuary  | Entered an ossuary
  6427 | Ossuary  | Reached XP level 9. HP: 45/45 MP: 13/20
  6489 | Ossuary  | Reached * piety under Vehumet
  6489 | Ossuary  | Offered knowledge of Sandblast by Vehumet.
  6496 | Ossuary  | Learned a level 1 spell: Sandblast
  7463 | D:8      | Reached skill level 5 in Conjurations
  7683 | D:8      | Reached XP level 10. HP: 25/50 MP: 1/21
  8293 | D:8      | Found a hide-covered altar of Uskayaw.
  8410 | D:9      | Reached ** piety under Vehumet
  8410 | D:9      | Offered knowledge of Poisonous Vapours by Vehumet.
  8455 | D:9      | Found Birghumi's Book Shoppe.
  8464 | D:9      | Bought an Everburning Encyclopedia for 312 gold pieces
  8469 | D:9      | Learned a level 4 spell: Sticky Flame
  8510 | D:9      | Identified the +2 robe of the Ditch-Digger {rC++ Str+3}
  8551 | D:9      | Reached skill level 1 in Long Blades
  8559 | D:9      | Reached skill level 1 in Fire Magic
  8735 | D:9      | Noticed a two-headed ogre
  8741 | D:9      | Killed a two-headed ogre
  8848 | D:9      | Reached skill level 5 in Fire Magic
  9040 | D:9      | Found a staircase to the Orcish Mines.
  9165 | D:9      | Offered knowledge of Dazzling Flash by Vehumet.
  9197 | D:9      | Reached *** piety under Vehumet
  9348 | D:10     | Entered Level 10 of the Dungeon
  9370 | D:10     | Offered knowledge of Flame Wave by Vehumet.
  9497 | D:10     | Found Naucun's Distillery.
  9498 | D:10     | Found Iqoge Rovo's General Store.
  9498 | D:10     | Found Ityob's General Store.
  9499 | D:10     | Found Feneenk's Antique Armour Emporium.
  9650 | D:10     | Noticed Psyche
  9734 | D:10     | Reached skill level 7 in Spellcasting
  9734 | D:10     | Reached XP level 11. HP: 34/54 MP: 23/23
  9739 | D:10     | Learned a level 4 spell: Flame Wave
  9840 | D:10     | Killed Psyche
 10166 | D:11     | Noticed Maurice
 10166 | D:11     | Found a gate leading to a gauntlet.
 10181 | D:10     | Killed Maurice
 10182 | D:10     | Reached skill level 8 in Spellcasting
 10235 | Gauntlet | Entered a Gauntlet
 10235 | Gauntlet | Found a transporter.
 10235 | Gauntlet | Found a transporter.
 10236 | Gauntlet | Noticed a death scarab
 10357 | Gauntlet | Found a transporter.
 10360 | Gauntlet | Found a transporter.
 10370 | Gauntlet | Found a transporter.
 10373 | Gauntlet | Found a transporter.
 10375 | Gauntlet | Noticed a ghost crab
 10394 | Gauntlet | Found a transporter.
 10409 | Gauntlet | Found a runed translucent gate.
 10410 | Gauntlet | Found a transporter.
 10410 | Gauntlet | Found a runed translucent gate.
 10411 | Gauntlet | Found a runed translucent gate.
 10414 | Gauntlet | Found a transporter.
 10417 | Gauntlet | Found a transporter.
 10441 | Gauntlet | Found a runed translucent door.
 10442 | Gauntlet | Noticed a large abomination
 10443 | Gauntlet | Found a runed translucent door.
 10447 | Gauntlet | Found a transporter.
 10450 | Gauntlet | Found a transporter.
 10551 | D:11     | Noticed an eight-headed hydra
 10558 | D:11     | Killed an eight-headed hydra
 10559 | D:11     | Reached skill level 9 in Spellcasting
 10666 | D:11     | Noticed a two-headed ogre
 10680 | D:11     | Killed a two-headed ogre
 10681 | D:11     | Reached skill level 10 in Spellcasting
 10809 | D:11     | Reached **** piety under Vehumet
 10878 | D:11     | Reached skill level 11 in Spellcasting
 10996 | D:11     | Found a staircase to the Lair.
 11031 | D:11     | Offered knowledge of Lee's Rapid Deconstruction by Vehumet.
 11137 | D:11     | Noticed an eight-headed hydra
 11138 | D:11     | Noticed a two-headed ogre
 11150 | D:11     | Killed a two-headed ogre
 11151 | D:11     | Reached skill level 12 in Spellcasting
 11155 | D:11     | Killed an eight-headed hydra
 11389 | D:12     | Noticed a two-headed ogre
 11399 | D:12     | Killed a two-headed ogre
 11400 | D:12     | Reached skill level 13 in Spellcasting
 11406 | D:12     | Learned a level 5 spell: Lee's Rapid Deconstruction
 11607 | D:12     | Noticed a four-headed hydra
 11768 | D:12     | Noticed a boulder beetle
 11780 | D:12     | Killed a boulder beetle
 11781 | D:12     | Reached skill level 1 in Fighting
 11781 | D:12     | Reached skill level 1 in Short Blades
 12076 | D:12     | Noticed a two-headed ogre
 12088 | D:12     | Killed a two-headed ogre
 12089 | D:12     | Reached XP level 12. HP: 64/64 MP: 17/31
 12486 | Lair:1   | Entered Level 1 of the Lair of Beasts
 12792 | Lair:1   | Found a runed translucent door.
 12793 | Lair:1   | Noticed attentat's ghost (journeyman HOFi)
 12960 | Lair:1   | Found a hide-covered altar of Uskayaw.
 13540 | Lair:2   | Noticed a four-headed hydra
 13552 | Lair:2   | Killed a four-headed hydra
 13661 | Lair:2   | Reached skill level 5 in Dodging
 13789 | Lair:2   | Reached ***** piety under Vehumet
 13789 | Lair:2   | Offered knowledge of Iron Shot by Vehumet.
 13870 | Lair:2   | Found a dark tunnel.
 14008 | Lair:2   | Found the +6 arbalest "Damnation" {damnation}
 14738 | Lair:3   | Learned a level 6 spell: Iron Shot
 14768 | Lair:3   | Noticed a six-headed hydra
 14781 | Lair:3   | Killed a six-headed hydra
 14889 | Lair:3   | Reached skill level 15 in Ice Magic
 15047 | Lair:3   | Reached skill level 5 in Earth Magic
 15810 | Lair:3   | Reached XP level 13. HP: 66/70 MP: 24/32
 16254 | Lair:4   | Found a staircase to the Snake Pit.
 16484 | Lair:4   | Offered knowledge of Fireball by Vehumet.
 16499 | Lair:4   | Learned a level 5 spell: Fireball
 16723 | Lair:4   | Found a staircase to the Shoals.
 17294 | Lair:5   | Reached skill level 14 in Spellcasting
 17726 | Lair:5   | Found a runed translucent door.
 17727 | Lair:5   | Found a staircase to the Slime Pits.
 17727 | Lair:5   | Noticed Kazon's ghost (journeyman GrFi)
 18179 | Lair:5   | Reached skill level 15 in Spellcasting
 18730 | Lair:6   | Entered Level 6 of the Lair of Beasts
 19074 | Lair:6   | Reached skill level 16 in Spellcasting
 19602 | Lair:6   | Reached XP level 14. HP: 76/76 MP: 12/36
 19724 | Lair:6   | Reached skill level 10 in Fire Magic
 19726 | Lair:6   | Reached skill level 17 in Spellcasting
 19883 | Lair:6   | Offered knowledge of Ozocubu's Refrigeration by Vehumet.
 20419 | Lair:6   | Reached skill level 18 in Spellcasting
 20663 | Lair:6   | Identified the +2 helmet "Xoab" {Dex+4}
 21362 | D:11     | Learned a level 7 spell: Ozocubu's Refrigeration
 21431 | Orc:1    | Entered Level 1 of the Orcish Mines
 21431 | Orc:1    | Found Zuekaxze's Antique Weapon Boutique.
 22233 | Orc:2    | Entered Level 2 of the Orcish Mines
 22233 | Orc:2    | Noticed an orc warlord
 22233 | Orc:2    | Found a runed translucent door.
 22239 | Orc:2    | Killed an orc warlord
 22408 | Orc:2    | Found Sigodueq's Magic Scroll Shoppe.
 22518 | Orc:2    | Found a staircase to the Elven Halls.
 22535 | Orc:2    | Noticed Sonja
 22536 | Orc:2    | Killed Sonja
 22537 | Orc:2    | Reached skill level 19 in Spellcasting
 22594 | Orc:2    | Noticed Snorg
 22615 | Orc:2    | Killed Snorg
 22861 | Orc:2    | Offered knowledge of Starburst by Vehumet.
 22862 | Orc:2    | Found Nife's Antique Weapon Shop.
 22881 | Orc:2    | Bought a steaming long sword for 229 gold pieces
 22881 | Orc:2    | Identified the +1 long sword of the Hall of Blades {vorpal,
                  | rF+++ rN+ Will+ Str+2} (You bought it in a shop on level 2
                  | of the Orcish Mines)
 22944 | Orc:2    | Found Puahir's Book Boutique.
 23011 | Orc:2    | Bought a book of Rime for 336 gold pieces
 23011 | Orc:2    | Bought a book of Armaments for 432 gold pieces
 23317 | Orc:2    | Found a radiant altar of Vehumet.
 23317 | Orc:2    | Noticed Josephine
 23322 | Orc:2    | Noticed Erolcha
 23325 | Orc:2    | Killed Josephine
 23326 | Orc:2    | Cast into level 1 of the Abyss (Erolcha)
 23378 | Abyss:1  | Gained mutation: You have supernaturally acute eyesight.
                  | (SInv) [a neqoxec]
 23384 | Abyss:1  | Gained mutation: You have hidden genetic defects. [a
                  | neqoxec]
 23407 | Abyss:1  | Noticed an Executioner
 23410 | Abyss:1  | Killed an Executioner
 23543 | Abyss:1  | Noticed a tentacled starspawn
 23579 | Abyss:1  | Noticed a cyan very ugly thing
 23589 | Abyss:1  | Killed a cyan very ugly thing
 23593 | Orc:2    | Escaped the Abyss
 23595 | Orc:2    | HP: 3/76 [white imp (2)]
 23596 | Orc:2    | Killed Erolcha
 23762 | Orc:2    | Found Lirr's Distillery.
 23808 | Orc:2    | Reached skill level 20 in Spellcasting
 23824 | Orc:2    | Noticed Nergalle
 23828 | Orc:2    | Killed Nergalle
 23871 | Orc:2    | Found an ancient bone altar of Kikubaaqudgha.
 24035 | Orc:2    | Found Ediab's Book Boutique.
 24048 | Orc:2    | Bought Qegagrith's Collected Works on Attacks and the
                  | Volcanoes for 552 gold pieces
 24505 | D:13     | Identified 2 scrolls of acquirement
 24506 | D:13     | Acquired 926 gold pieces
 24507 | D:13     | Acquired Sif Muna's Disquisition on Battle Magic and the
                  | Oath
 24519 | D:13     | Learned a level 9 spell: Fire Storm
 24792 | D:13     | Reached XP level 15. HP: 80/80 MP: 27/41
 24806 | D:13     | Gained mutation: Your spells are a little easier to cast,
                  | but a little less powerful. [hidden defects]
 25046 | D:10     | Bought a potion of mutation for 120 gold pieces
 25046 | D:10     | Lost mutation: You have supernaturally acute eyesight.
                  | (SInv) [potion of mutation]
 25046 | D:10     | Lost mutation: Your spells are a little easier to cast, but
                  | a little less powerful. [potion of mutation]
 25046 | D:10     | Lost mutation: You have hidden genetic defects. [potion of
                  | mutation]
 25046 | D:10     | Gained mutation: Your spells are a little easier to cast,
                  | but a little less powerful. [potion of mutation]
 25046 | D:10     | Gained mutation: You have large cloven feet. [potion of
                  | mutation]
 25326 | D:13     | Offered knowledge of Lightning Bolt by Vehumet.
 25327 | D:13     | Reached skill level 21 in Spellcasting
 25623 | D:13     | Shot with an arrow by a centaur warrior

Illustrated notes

Levels and vault maps discovered:
D:1:      scummos_arrival_simple_crosswalls, layout_rooms, serial_bayou_pond_a,
          chequers_serial_rivers_marsh, minmay_close_crescents
D:2:      layout_rooms, nicolae_ecumenical_pavilion, kennysheep_minor_cross,
          minmay_misc_feat_secret_circle
D:3:      layout_basic, grunt_temple_overflow_growth_and_decay,
          nicolae_overflow_ecumenical_swirl,
          chequers_temple_overflow_minitemple, minmay_misc_feat_diagonals,
          uniq_robin
D:4:      layout_gridville, serial_glass, glass_columns_b, glass_columns_a,
          glass_columns_c, glass_columns_b, glass_columns_a,
          chequers_serial_rivers_micro_e
D:5:      layout_cave_pods, xom_butterflies, minmay_temple_entry_stoned_glass,
          abandoned_shop, palyth_stone_intersect
D:6:      layout_cave_pools, old_standard_altar, serial_shops,
          nicolae_shop_stone, uniq_menkaure, uniq_edmund
D:7:      layout_basic, chequers_ossuary_entry_cave, serial_glass,
          glass_columns_a, glass_columns_c, glass_columns_a, glass_columns_b,
          glass_columns_b, glass_columns_a, glass_columns_a, glass_columns_c
D:8:      layout_cave_pools, mainiacjoe_overflow_24_doors
D:9:      layout_loops_ring, orc_0_dummy, special_room [special_room_orc],
          serial_shops, shop_fountains
D:10:     layout_long_grid, nicolae_wooded_promenade, uniq_psyche
D:11:     layout_roguey, lair_entry_dummy, gauntlet_entry_generic, uniq_maurice
D:12:     layout_roguey, dk_noncrumbling_2, minmay_liquid_box
D:13:     nzn_winding_woodlands_small [nzn_winding_woodlands_5x15_parted,
          nzn_winding_woodlands_center_lodge, nzn_winding_woodlands_5x15_eye],
          layout_basic, grunt_vaults_entry_tiered,
          nicolae_trove_entry_path_of_doom, slow_altar_1
Lair:1:   layout_cave_pods, basic_altar, ebering_ghost_reflecting_pool
Lair:2:   layout_layer_cave, nicolae_volcano_entry_lava_flow
Lair:3:   layout_cave_pods, serial_bayou_shore_b
Lair:4:   beast_lair_carwin_large_2, layout_gridlike,
          minmay_shoals_entry_centaurs, guppyfry_snake_entry_island
Lair:5:   layout_loops_ring, minmay_slime_entry_pillars, gammafunk_ghost_grave,
          serial_bayou_shore_a, grunt_megastairs_1, infiniplex_staircase_pool_2
Lair:6:   evilmike_catoblepas_cave, layout_layer_cave
Orc:1:    cheibrodos_orc_guarddog, layout_diamond_mine, serial_shops,
          nicolae_shop_trees, nicolae_orc_tapped_out
Orc:2:    kennysheep_orc_mage_school, layout_caves, serial_shops, shop,
          lightli_church_of_beogh, uniq_josephine, uniq_snorg, uniq_sonja

Skill      XL: |  1  2  3  4  5  6  7  8  9 10 11 12 13 14 15 |
---------------+----------------------------------------------+-----
Ice Magic      | 5 6 7 8 9 11 14 15 | 15.5
Spellcasting   | 4 5 6 7 13 16 20 21 | 21.0
Conjurations   | 2 4 5 7 9 |  9.5
Poison Magic   | 2 3 |  3.2
Long Blades    | 1 |  1.0
Fire Magic     | 7 8 9 11 | 11.8
Earth Magic    | 3 6 8 |  8.0
Fighting       | 2 4 |  4.0
Short Blades   | 1 2 |  2.0
Dodging        | 3 5 |  5.0
Stealth        | |  2.4

Action                   |  1- 3 |  4- 6 |  7- 9 | 10-12 | 13-15 || total
-------------------------+-------+-------+-------+-------+-------++-------
Melee: Unarmed           |     9 |       |       |     1 |       ||    10
       Short sword       |     5 |    70 |   163 |   195 |   138 ||   571
       Punch             |       |     1 |     5 |     4 |     1 ||    11
       Long sword        |       |       |       |       |    26 ||    26
 Cast: Freeze            |    48 |    35 |    25 |   176 |    15 ||   299
       Frozen Ramparts   |     1 |     9 |    22 |    73 |    19 ||   124
       Ozocubu's Armour  |       |     6 |    17 |    55 |    17 ||    95
       Hailstorm         |       |       |     2 |    16 |    20 ||    38
       Sticky Flame      |       |       |       |     9 |     8 ||    17
       Lee's Rapid Decon |       |       |       |     4 |       ||     4
       Mephitic Cloud    |       |       |       |     1 |       ||     1
       Iron Shot         |       |       |       |     4 |   186 ||   190
       Fireball          |       |       |       |       |    41 ||    41
       Ozocubu's Refrige |       |       |       |       |    22 ||    22
       Flame Wave        |       |       |       |       |     1 ||     1
Evoke: Wand              |       |       |     6 |    18 |       ||    24
  Use: Scroll            |       |       |    17 |     8 |    16 ||    41
       Potion            |       |       |       |     2 |     3 ||     5
 Stab: Sleeping          |     1 |     6 |     3 |     5 |       ||    15
Armor: Robe              |     5 |    35 |    91 |   254 |   133 ||   518
       Skin              |       |       |       |     1 |       ||     1
Dodge: Dodged            |    38 |    89 |   208 |   275 |   177 ||   787
